 Dungeon Crawl Stone Soup version 0.31-a0-202-g547052bce9 (webtiles) character file.

Game seed: 87900704304337971

54 qw the Shooter (level 3, 0/20 HPs)
             Began as a Deep Elf Hunter on June 26, 2023.
             Slain by a goblin
             ... wielding a +0 dagger
             ... led by Robin
              (2 damage)
             ... on level 2 of the Dungeon.
             The game lasted 00:00:25 (825 turns).

qw the Shooter (Deep Elf Hunter)                     Turns: 825, Time: 00:00:25

Health: 0/20       AC:  7    Str: 10    XL:     3   Next: 66%
Magic:  5/5        EV:  9    Int: 13    God:
Gold:   66         SH:  0    Dex: 24    Spells: 2/2 levels left

rFire   . . .        Y - +0 shortbow (freeze)
rCold   . . .        (shield currently unavailable)
rNeg    . . .        h - +0 scale mail
rPois   .            (no helmet)
rElec   .            (no cloak)
rCorr   .            g - +0 pair of gloves
SInv    .            (no boots)
Will    .....        (no amulet)
Stlth   +            j - +6 ring of dexterity
HPRegen 0.23/turn    (no ring)
MPRegen 0.09/turn

%: no passive effects
@: lethally poisoned (0 -> -3)
A: no striking features
a: no special abilities


You were on level 2 of the Dungeon.
You visited 1 branch of the dungeon, and saw 2 of its levels.

You collected 66 gold pieces.


   Skills:
 - Level 1.5 Fighting
 + Level 7.2 Ranged Weapons
 - Level 2.4 Dodging
 - Level 1.2 Stealth


You had 2 spell levels left.
You didn't know any spells.
Your spell library was empty.

Inventory:

Hand Weapons
 Y - a +0 shortbow of freezing (weapon)
Armour
 g - a +0 pair of gloves (worn)
 h - a +0 scale mail (worn)
Jewellery
 j - a +6 ring of dexterity (left hand)
Scrolls
 a - a scroll of fear {unknown}
 c - a scroll of blinking {unknown}
Potions
 b - 2 potions of magic {unknown}
 e - a potion of might {unknown}
 i - a potion of heal wounds {unknown}

Dungeon Overview and Level Annotations

Branches:
Dungeon (2/15)

Altars:

Annotations:
D:2 Robin


Message History

You shoot an arrow. The arrow hits the goblin!
The arrow freezes the goblin.
You kill the goblin!
The adder bites you but does no damage.
You shoot an arrow. The arrow hits the adder.
The arrow freezes the adder.
The adder is lightly wounded.
Robin throws the goblin at you! The adder bites you but does no damage.
The goblin hits you with a +0 dagger.
You shoot an arrow. The arrow hits the adder.
The adder seems to slow down.
The arrow freezes the adder.
The adder is heavily wounded.
The adder bites you but does no damage. The goblin hits you but does no damage.
The adder barely misses you.
You shoot an arrow. The arrow closely misses the adder.
The arrow hits the hobgoblin.
The arrow freezes the hobgoblin.
You kill the hobgoblin!
The goblin hits you with a +0 dagger. The adder bites you but does no damage.
The goblin hits you with a +0 dagger.
You shoot an arrow. The arrow misses the adder.
The arrow hits the quokka!
The arrow freezes the quokka.
You kill the quokka!
The adder bites you.
You are poisoned.
The adder poisons you! The goblin hits you with a +0 dagger.
You shoot an arrow. The arrow hits the adder.
The arrow freezes the adder.
The adder is almost dead.
You feel very sick.
The adder is no longer moving slowly.
The goblin closely misses you.
Robin points. "Kill!"
The adder bites you.
You shoot an arrow. The arrow closely misses the adder.
The arrow closely misses the goblin.
The arrow hits the goblin.
The arrow freezes the goblin.
The goblin is heavily wounded.
You feel sick. The adder bites you but does no damage.
The goblin hits you but does no damage. The adder barely misses you.
The goblin hits you but does no damage.
You shoot an arrow. The arrow hits the adder.
The arrow freezes the adder.
You kill the adder!
You feel sick. The goblin hits you with a +0 dagger.
You die...

....%....#.#.#
#.#.##..#
.###.#####.#.# #
#.#.##..# ####.#
#.#.# #.#.#.....#
..##.# #+#
#.#.###...# #.##..
... #.........#
#.#### ....
###.###>#.# ..#
..... #.......#
..####
....gg####...#.###
.....+
....gg)@g......#
..####
....gg####...#.#
.## ...)g ##.##.#
## .... ####.# ...
#.# #+ ..# ###


You could see Robin, a hobgoblin (strong) and 6 goblins.

Vanquished Creatures
  2 adders (D:2)
  8 endoplasms
  4 goblins (D:2)
  5 hobgoblins
  3 jackals (D:2)
  2 kobolds (D:1)
  A quokka (D:2)
  A ball python (D:1)
  6 bats
  2 frilled lizards (D:1)
  8 rats (D:1)
42 creatures vanquished.

Notes
Turn   | Place    | Note
-------+----------+-------------------------------------------
     0 | D:1      | qw the Deep Elf Hunter began the quest for the Orb.
     0 | D:1      | Reached XP level 1. HP: 12/12 MP: 3/3
     0 | D:1      | 0 ||| qw: Version: 0.3-a-22-g0ed2b0b
     0 | D:1      | 0 ||| qw: Game counter: 5989
     0 | D:1      | 0 ||| qw: Melee chars always use a shield: true
     0 | D:1      | 0 ||| qw: God list: Okawaru
     0 | D:1      | 0 ||| qw: Allow faded altars: false
     0 | D:1      | 0 ||| qw: Do Orc after clearing Dungeon:15 true
     0 | D:1      | 0 ||| qw: Do second Lair branch before Depths: true
     0 | D:1      | 0 ||| qw: Lair rune preference: random
     0 | D:1      | 0 ||| qw: Goals: Normal
     0 | D:1      | 0 ||| PLANNING D:1-11
   176 | D:1      | Reached XP level 2. HP: 16/16 MP: 4/4
   182 | D:1      | Reached skill level 6 in Ranged Weapons
   541 | D:1      | 541 ||| UPGRADING to +0 pair of gloves.
   546 | D:1      | 546 ||| UPGRADING to +0 scale mail.
   556 | D:1      | 556 ||| DROPPING +0 leather armour.
   557 | D:1      | 557 ||| UPGRADING to +6 ring of dexterity.
   558 | D:1      | 558 ||| READING scroll labelled BIPTASO ESAGY.
   559 | D:1      | 559 ||| READING scroll labelled UZASOR MEURGH.
   560 | D:1      | 560 ||| READING scroll labelled SAIC ENNE JACK.
   561 | D:1      | 561 ||| DROPPING scroll of butterflies.
   624 | D:2      | Reached XP level 3. HP: 15/20 MP: 5/5
   795 | D:2      | Reached skill level 7 in Ranged Weapons
   815 | D:2      | Noticed Robin
   823 | D:2      | HP: 4/20 [poisoned by an adder]
   825 | D:2      | Slain by a goblin

Levels and vault maps discovered:
D:1:      dpeg_arrival_ratfight, layout_rooms, minivault_23, minmay_hexomino_p4
D:2:      layout_loops_corners, serial_shops,
          nicolae_shop_temple_entry_statues_fountains, uniq_robin

Skill      XL: |  1  2  3 |
---------------+----------+-----
Ranged Weapons | 6 7 |  7.2
Fighting       | |  1.5
Dodging        | |  2.4
Stealth        | |  1.2

Action                     || total
---------------------------++-------
   Fire: Shortbow          ||   101
    Use: Scroll            ||     3
 Armour: Leather armour    ||     4
         Scale mail        ||    20
  Dodge: Dodged            ||    22

Table legend:
 A = Non-vault XP
 B = Vault XP
 C = Vault XP percentage of total XP
 D = Non-vault monster count
 E = Vault monster count
 F = Vault count percentage of total count
                 A         B        C        D         E       F
            +---------+---------+-------+---------+---------+-------
      Total |      76 |      16 |  17.4 |      31 |      11 |  26.2
            +---------+---------+-------+---------+---------+-------
        D:1 |      26 |       9 |  25.7 |      17 |       7 |  29.2
        D:2 |      50 |       7 |  12.3 |      14 |       4 |  22.2
            +---------+---------+-------+---------+---------+-------
